 Dungeon Crawl Stone Soup version 0.29.0-4-gdea44cf6ec (webtiles) character file.

Game seed: 17803092602747958433

57 qw the Sneak (level 4, -1/35 HPs)
             Began as a Ghoul Enchanter on Sept 5, 2022.
             Slain by Natasha (4 damage)
             ... on level 2 of the Dungeon.
             The game lasted 00:00:39 (1392 turns).

qw the Sneak (Ghoul Enchanter)                      Turns: 1392, Time: 00:00:39

Health: -1/35      AC:  8    Str: 13    XL:     4   Next: 0%
Magic:  5/5        EV:  4    Int: 10    God:
Gold:   26         SH:  7    Dex:  9    Spells: 6/6 levels left

rFire   . . .      SeeInvis .     - Unarmed
rCold   + . .      Faith    .   h - +0 kite shield
rNeg    + + +      Spirit   .   k - +0 chain mail
rPois   inf        Reflect  .   (no helmet)
rElec   .          Harm     .   (no cloak)
rCorr   .          Rampage  .   (no gloves)
Will    .....                   (no boots)
Stlth   ..........              (no amulet)
HPRegen 0.00/turn               (no ring)
MPRegen 0.09/turn               (no ring)

@: inhibited regen
A: claws 1, cold resistance 1, negative energy resistance 3, inhibited
regeneration, torment resistance 2, devour on kill
a: no special abilities


You were on level 2 of the Dungeon.
You visited 1 branch of the dungeon, and saw 2 of its levels.

You collected 26 gold pieces.


Innate Abilities, Weirdness & Mutations

You are immune to poison.
You have sharp fingernails.
Your flesh is cold resistant. (rC+)
You are immune to negative energy. (rN+++)
You do not regenerate when monsters are visible.
You are immune to unholy pain and torment.
You thrive by killing the living.


   Skills:
 - Level 1.0 Fighting
 - Level 0.8 Short Blades
 - Level 1.7 Dodging
 - Level 3.2 Stealth
 - Level 1.5 Shields
 + Level 2.7 Unarmed Combat
 - Level 1.7 Spellcasting
 - Level 2.4 Hexes


You had 6 spell levels left.
You didn't know any spells.
Your spell library contained the following spells:

 Spells                   Type           Power      Damage    Failure   Level
 Ensorcelled Hibernation  Hex/Ice        6%         N/A       100%        2
 Confusing Touch          Hex            5%         N/A       100%        3
 Dazzling Flash           Conj/Hex       6%         N/A       100%        3
 Tukima's Dance           Hex            5%         N/A       100%        3

Inventory:

Armour
 h - a +0 kite shield (worn)
 k - a +0 chain mail (worn)
Scrolls
 c - a scroll of teleportation
 Y - a scroll of identify
Potions
 a - a potion of magic {unknown}
 b - 2 potions of ambrosia {unknown}
 g - a potion of curing {unknown}

Dungeon Overview and Level Annotations

Branches:
Dungeon (2/15)

Altars:

Annotations:
D:2 Natasha


Message History

The goblin hits you with a +0 dagger.
You barely miss the goblin.
The goblin is heavily wounded.
The goblin hits you but does no damage.
You scratch the goblin.
You kill the goblin!
You have reached level 4!
You completely miss Natasha. You block Natasha's attack.
Natasha claws you but does no damage.
You scratch Natasha.
Natasha is moderately wounded.
You block Natasha's attack.
You barely miss Natasha.
Natasha is moderately wounded.
Natasha barely misses you.
You closely miss Natasha.
Natasha is moderately wounded.
Natasha claws you.
An endoplasm comes into view.
You barely miss Natasha.
Natasha is moderately wounded.
The endoplasm quivers.
Natasha claws you!
You closely miss Natasha.
Natasha is moderately wounded.
Natasha stares at you and mumbles some strange words.
The magic dart hits you.
You scratch Natasha.
Natasha is heavily wounded.
Natasha mumbles some strange words.
You scratch Natasha but do no damage.
Natasha is heavily wounded.
You block Natasha's attack.
You barely miss Natasha.
Natasha is heavily wounded.
Natasha stares at you and mumbles some strange words.
The magic dart hits you!
The shadow imp lashes its tail.
Natasha claws you.
You die...

.... ### ..... #..
..8.. # #.#......
####.##.#......
#..(...J57
#.##.##5#...... #.
#h# g..h. #.
##.##@# .\.( ##.#
#...#.# ### #...
#..# #... ##%####
#..# #.#
#..<.#######.#
#..#####.##
##............#
#....>>...#
#......########
#...#
#.#...#............
#...#
#.######....#######


You could see Natasha, a white imp (summoned), a shadow imp (summoned) and an
endoplasm.

Vanquished Creatures
  Jessica (D:2)
  A ball python (D:1)
  2 endoplasms (D:1)
  2 giant cockroaches (D:1)
  5 goblins
  2 hobgoblins
  A jackal (D:2)
  2 kobolds (D:1)
  A quokka (D:1)
  2 bats
  5 frilled lizards
  7 rats (D:1)
31 creatures vanquished.

Vanquished Creatures (others)
  7 plants (D:1)
7 creatures vanquished.

Grand Total: 38 creatures vanquished

Notes
Turn   | Place    | Note
-------+----------+-------------------------------------------
     0 | D:1      | qw the Ghoul Enchanter began the quest for the Orb.
     0 | D:1      | Reached XP level 1. HP: 14/14 MP: 2/2
     0 | D:1      | 0 ||| qw: Version: 0.1-a-104-g96f76f8
     0 | D:1      | 0 ||| qw: Game counter: 5799
     0 | D:1      | 0 ||| qw: Always use a shield: true
     0 | D:1      | 0 ||| qw: God list: Okawaru
     0 | D:1      | 0 ||| qw: Allow faded altars: false
     0 | D:1      | 0 ||| qw: Do Orc after D:15 true
     0 | D:1      | 0 ||| qw: Do second Lair branch before Depths: true
     0 | D:1      | 0 ||| qw: Lair rune preference: random
     0 | D:1      | 0 ||| qw: Plans: Normal
     0 | D:1      | 0 ||| PLANNING D:1-11
     1 | D:1      | 1 ||| DROPPING +1 dagger.
    94 | D:1      | Reached skill level 1 in Unarmed Combat
   268 | D:1      | 268 ||| Stepping ~*~*~tactically~*~*~ (stealth).
   289 | D:1      | Reached skill level 1 in Fighting
   289 | D:1      | Reached XP level 2. HP: 12/23 MP: 3/3
   579 | D:1      | 579 ||| Stepping ~*~*~tactically~*~*~ (stealth).
   590 | D:1      | 590 ||| Stepping ~*~*~tactically~*~*~ (water).
   782 | D:1      | 782 ||| Stepping ~*~*~tactically~*~*~ (stealth).
   787 | D:1      | 787 ||| Stepping ~*~*~tactically~*~*~ (stealth).
   788 | D:1      | 788 ||| Stepping ~*~*~tactically~*~*~ (stealth).
   798 | D:1      | 798 ||| Stepping ~*~*~tactically~*~*~ (outnumbered).
   799 | D:1      | 799 ||| Stepping ~*~*~tactically~*~*~ (outnumbered).
   805 | D:1      | Reached XP level 3. HP: 13/28 MP: 4/4
  1095 | D:1      | 1095 ||| UPGRADING to +0 ring mail.
  1105 | D:1      | 1105 ||| DROPPING +0 robe.
  1106 | D:1      | 1106 ||| UPGRADING to +0 kite shield.
  1111 | D:1      | 1111 ||| UPGRADING to +0 chain mail.
  1121 | D:1      | 1121 ||| DROPPING +0 ring mail.
  1122 | D:1      | 1122 ||| READING scroll labelled LIRALO FADUGO.
  1123 | D:1      | 1123 ||| READING scroll labelled HYUP ZUEJE.
  1124 | D:1      | 1124 ||| READING scroll labelled FUCVORCH UKHEN.
  1128 | D:1      | 1128 ||| READING 2 scrolls labelled PESTRE DUHINWE.
  1129 | D:1      | 1129 ||| DROPPING 2 potions of invisibility.
  1135 | D:2      | Noticed Jessica
  1143 | D:2      | Killed Jessica
  1144 | D:2      | Reached skill level 1 in Shields
  1360 | D:2      | Noticed Natasha
  1362 | D:2      | 1362 ||| FLEEEEING.
  1364 | D:2      | 1364 ||| FLEEEEING.
  1365 | D:2      | 1365 ||| FLEEEEING.
  1384 | D:2      | Reached XP level 4. HP: 26/35 MP: 5/5
  1392 | D:2      | HP: 3/35 [Natasha/magic dart (7)]
  1392 | D:2      | Slain by Natasha

Levels and vault maps discovered:
D:1:      psy_arrival_statuary, layout_rooms, serial_bayou_lagoon_a
D:2:      layout_loops_ring, basic_altar, hellmonk_ecumenical_altar_arch_garden,
          uniq_natasha, uniq_jessica

Skill      XL: |  1  2  3 |
---------------+----------+-----
Unarmed Combat | 1 2 |  2.7
Fighting       | 1 |  1.0
Shields        | 1 |  1.5
Short Blades   | |  0.8
Dodging        | |  1.7
Stealth        | |  3.2
Spellcasting   | |  1.7
Hexes          | |  2.4

Action                   |  1- 3 |  4- 6 || total
-------------------------+-------+-------++-------
Melee: Unarmed           |   109 |     9 ||   118
Throw: Javelin           |    11 |       ||    11
  Use: Scroll            |     4 |       ||     4
Armor: Robe              |    11 |       ||    11
       Chain mail        |    17 |     1 ||    18
Dodge: Dodged            |    35 |     1 ||    36
Block: Kite shield       |    13 |     3 ||    16

Table legend:
 A = Non-vault XP
 B = Vault XP
 C = Vault XP percentage of total XP
 D = Non-vault monster count
 E = Vault monster count
 F = Vault count percentage of total count
                 A         B        C        D         E       F
            +---------+---------+-------+---------+---------+-------
      Total |      45 |      37 |  45.1 |      30 |       1 |   3.2
            +---------+---------+-------+---------+---------+-------
        D:1 |      37 |       0 |   0.0 |      25 |       0 |   0.0
        D:2 |       8 |      37 |  82.2 |       5 |       1 |  16.7
            +---------+---------+-------+---------+---------+-------
